 Dungeon Crawl Stone Soup version 0.32-a0-768-g0f6f1dd4b9 (webtiles) character file.

Game seed: 3536305044547053744

174150 retardedninja the Warrior (level 18, -13/141 (147) HPs)
             Began as a Coglin Fighter on Mar 15, 2024.
             Was a High Priest of Hepliaklqana.
             Mangled by a spark wasp (22 damage)
             ... on level 4 of the Spider Nest on Mar 18, 2024.
             The game lasted 01:00:39 (33441 turns).

retardedninja the Warrior (Coglin Fighter)         Turns: 33441, Time: 01:00:39

HP:   -13/141 (147) AC: 21    Str: 23    XL:     18   Next: 6%
MP:   23/23         EV:  6    Int:  8    God:    Hepliaklqana [*****.]
Gold: 5308          SH:  0    Dex: 15    Spells: 17/17 levels left

rFire   + . .        a - +8 war axe (heavy) {Iseul}
rCold   . . .        C - +0 broad axe (heavy) {Fritz}
rNeg    . . .        B - +1 plate armour {rF+}
rPois   +            r - +2 helmet
rElec   .            (no cloak)
rCorr   +            (no gloves)
SInv    .            l - +0 pair of boots
Will    +....        (amulet unavailable) Stlth
                     (ring unavailable)
HPRegen 1.23/turn    (ring unavailable)
MPRegen 0.58/turn    m - secondary hydroramjet {rPois Regen+ RegenMP+ rCorr Slay+3}

%: no passive effects
@: on fire, glowing, lightly drained, revving
A: reduced essence, off-hand wielding, slow wielding, warmup strikes, no
jewellery
a: Renounce Religion, Recall Ancestor, Ancestor Identity, Transference, Idealise


You were on level 4 of the Spider Nest.
You worshipped Hepliaklqana.
Hepliaklqana was extremely pleased with you.
You visited 6 branches of the dungeon, and saw 28 of its levels.
You also visited: Sewer, Ossuary and Bailey.

You collected 5308 gold pieces.

Inventory:

Hand Weapons
 a - a +8 heavy war axe (weapon) {Iseul}
 C - a +0 heavy broad axe (offhand) {Fritz}
Missiles
 I - a throwing net (quivered)
Armour
 l - a +0 pair of boots (worn)
 r - a +2 helmet (worn)
 B - a +1 plate armour of fire resistance (worn)
Gizmo
 m - a secondary hydroramjet (installed) {rPois Regen+ RegenMP+ rCorr Slay+3}
   (You invented it yourself on level 2 of the Lair of Beasts)

   [secondary hydroramjet]

   Slay+3:    It affects your accuracy & damage with ranged weapons and melee
   (+3).
   rPois:     It protects you from poison.
   Regen+:    It increases your rate of health regeneration.
   rCorr:     It protects you from acid and corrosion.
   RegenMP+:  It increases your rate of magic regeneration.
Talismans
 o - a granite talisman
Wands
 h - a wand of polymorph (13)
 k - a wand of paralysis (17)
 v - a wand of digging (3)
 E - a wand of mindburst (9)
 G - a wand of warping (35)
Scrolls
 b - 4 scrolls of fear
 c - 2 scrolls of revelation
 n - 4 scrolls of vulnerability
 p - 10 scrolls of teleportation
 q - a scroll of fog
 s - 2 scrolls of identify
 t - 3 scrolls of noise
 u - 2 scrolls of blinking
 y - 4 scrolls of immolation
 F - 4 scrolls of amnesia
 K - a scroll of poison
Potions
 d - 3 potions of might
 e - 3 potions of heal wounds
 f - 2 potions of magic
 g - 2 potions of brilliance
 i - 12 potions of curing
 j - 3 potions of mutation
 w - 3 potions of lignification
 x - 3 potions of cancellation
 A - 2 potions of ambrosia
 D - 8 potions of enlightenment
 H - a potion of resistance
 L - a potion of attraction
Miscellaneous
 z - a condenser vane


   Skills:
 * Level 20.4 Fighting
 * Level 18.9 Axes
 + Level 12.7 Armour
 - Level 2.1 Shields
 + Level 7.3 Invocations


You had 17 spell levels left.
You didn't know any spells.
Your spell library contained the following spells:

 Spells                   Type           Power      Damage    Failure   Level
 Freeze                   Ice            0%         1d3       99%         1
 Magic Dart               Conj           0%         1d3       99%         1
 Blink                    Tloc           0%         N/A       100%        2
 Call Imp                 Summ           0%         N/A       100%        2
 Static Discharge         Conj/Air       0%         3-3/arc   100%        2
 Frozen Ramparts          Ice            0%         1d1       100%        3
 Hailstorm                Conj/Ice       0%         3d5       100%        3
 Passwall                 Erth           0%         N/A       100%        3
 Volatile Blastmotes      Fire/Tloc      0%         2d10      100%        3
 Airstrike                Air            0%         2d(0-16)  100%        4
 Leda's Liquefaction      Alch/Erth      0%         N/A       100%        4
 Manifold Assault         Tloc           0%         N/A       100%        4
 Petrify                  Alch/Erth      0%         N/A       100%        4
 Summon Lightning Spire   Summ/Air       0%         N/A       100%        4
 Metabolic Englaciation   Hex/Ice        0%         N/A       100%        5
 Bombard                  Conj/Erth      0%         9d1       100%        6
 Dispersal                Tloc           0%         N/A       100%        6
 Disjunction              Tloc           0%         N/A       100%        8


Dungeon Overview and Level Annotations

Branches:
Dungeon (15/15)            Temple (1/1) D:6            Lair (5/5) D:11
 Shoals (0/4) Lair:2       Spider (4/4) Lair:3        Slime (0/5) Lair:4
    Orc (2/2) D:9             Elf (1/3) Orc:2        Vaults (0/5) D:13
 Depths (0/4) D:15          Sewer (visited)         Ossuary (visited)
 Bailey (visited)

Altars:
Ashenzari
Cheibriados
Dithmenos
Elyvilon
Fedhas
Gozag
Hepliaklqana
Kikubaaqudgha
Makhleb
Nemelex Xobeh
Okawaru
Qazlal
Ru
Sif Muna
Trog
Uskayaw
Vehumet
Wu Jian
Xom
Yredelemnul
Zin
The Shining One
Beogh

Shops:
D:5 *   Orc:1 (   Orc:2 ?(*=

Annotations:
D:9 2 transporters, Newt's ghost, novice GrFi
Spider:1 exclusion: 2 ice statues


Innate Abilities, Weirdness & Mutations

Your life essence is reduced to manifest your ancestor. (-10% HP)
You can wield a second weapon in your off-hand.
It takes a long time for you to wield or remove held weapons.
Your first few attacks do less damage.
You cannot equip rings or amulets.


Message History

The spark wasp stings you.
* * * LOW HITPOINT WARNING * * *
The spark wasp shocks you!
* * * LOW HITPOINT WARNING * * *
Austrian painter barely misses the jorogumo.
The jorogumo hits austrian painter!
The redback bites austrian painter but does no damage.
You feel much better. The liquid fire burns you!
* * * LOW HITPOINT WARNING * * *
The spark wasp stings you.
* * * LOW HITPOINT WARNING * * *
The spark wasp shocks you!
* * * LOW HITPOINT WARNING * * *
A sun moth comes into view.
The redback bites austrian painter!
Austrian painter hits the jorogumo with a +0 quarterstaff!!!!
The jorogumo closely misses austrian painter.
The spark wasp stings you but does no damage.
You feel much better. The liquid fire burns you!
* * * LOW HITPOINT WARNING * * *
Austrian painter loses the glow of perfection.
A steelbarb worm comes into view.
The redback bites austrian painter!
The spark wasp stings you but does no damage.
The jorogumo casts a spell at austrian painter.
The stream of webbing hits austrian painter but does no damage.
Austrian painter hits the jorogumo with a +0 quarterstaff!!
Blink to where?
Press: ? - help, Q - select action, (/) - cycle Dir - move target
As you read the scroll of blinking, it crumbles to dust.
The liquid fire burns you!
* * * LOW HITPOINT WARNING * * *
The spark wasp bursts into living lightning!
The living lightning hits you!!
* * * LOW HITPOINT WARNING * * *
The spark wasp blinks!
The spark wasp stings you!!
You die...
Hepliaklqana delivers you to your ancestors.

.........^...#....~≈≈#,^,,,,,^,*~
.......<..†...#..^~≈≈##^^,,,,***~
..............#...~≈≈≈##^^,~~**~~
..............#..^~≈≈≈≈#**^***~~~
#.............^~..~~≈≈≈≈≈~.~≈~~~~
#...................~≈≈≈~~^~≈≈~~~
##...........~^.....~~~~~#w^~~~~,
###..........#†y^.......y~^.^.#*^
###.............@.#^...H.~.#..#,,
###..........^#....#.#sR^.^.^.^,^
###..........##..#^.#.†.^.....#,,
###...<.......#....†).^).#...#.,,
####.........~.#^.....§§.......^,
######......#####...#..†.......,,
#######.##.### #~#.####^~^^.^#**
############## ##### *#######
##############


You could see a spark wasp.

Vanquished Creatures
  Arachne (Spider:2)
  Kirke (Elf:1)
  The ghost of skrealing the Severer, an adept CoBe of Trog (Spider:3)
  Roxanne (Spider:1)
  A fire giant (D:15)
  2 emperor scorpions (Spider:2)
  An orc warlord (Orc:2)
  2 broodmothers
  A deep elf annihilator (Elf:1)
  A spark wasp (Spider:1)
  A deep elf high priest (Elf:1)
  2 entropy weavers
  3 hydras
  A jorogumo (Spider:1)
  6 boulder beetles
  A two-headed ogre (D:13)
  8 dancing weapons (Elf:1)
  A radroach (Lair:3)
  A centaur warrior (D:15)
  5 death yaks (Lair:4)
  3 orc high priests (Orc:2)
  3 demonic crawlers
  Nergalle (D:11)
  2 deep elf knights (Elf:1)
  2 skeletal warriors (D:15)
  A skyshark (Lair:5)
  Sonja (Lair:2)
  Lodul (D:14)
  A sun moth (Spider:4)
  2 deep elf archers (Elf:1)
  2 orb spiders (Spider:1)
  An arcanist (D:15)
  5 orc knights
  2 steelbarb worms
  11 deep elf pyromancers
  10 deep elf zephyrmancers (Elf:1)
  5 orc sorcerers
  6 ugly things
  16 wolf spiders
  A manticore (D:15)
  A merfolk siren (Lair:2)
  8 cyclopes
  3 meliai
  9 elephants
  2 moths of wrath
  Joseph (D:10)
  5 black mambas
  5 kobold blastminers
  5 torpor snails
  An unseen horror (D:12)
  13 cane toads
  7 komodo dragons
  2 rime drakes (Lair:5)
  2 polar bears (Lair:5)
  3 merfolk (Lair:2)
  5 trolls
  A raiju (shapeshifter) (D:15)
  Grinder (D:3)
  6 hornets (Lair:5)
  25 tarantellas
  8 dream sheep
  28 blink frogs
  7 jumping spiders
  An air elemental (Elf:1)
  A water elemental (Elf:1)
  5 slime creatures
  10 spriggans (Lair:5)
  36 yaks
  A shadow (D:14)
  5 wyverns
  A centaur simulacrum (D:14)
  15 culicivoras
  2 wraiths
  3 hogs (Elf:1)
  A basilisk (Lair:5)
  A fire elemental (Elf:1)
  27 redbacks
  3 wargs (Orc:2)
  3 vampire mosquitoes (D:13)
  Menkaure (D:7)
  13 water moccasins
  An acid dragon (D:14)
  Duvessa (D:4)
  2 ice beasts
  23 orc warriors
  2 sky beasts
  4 black bears
  14 ogres
  6 boggarts
  A crocodile (Sewer)
  10 centaurs
  20 wolves
  2 laughing skulls (D:15)
  2 phantoms
  2 kobold brigands (D:9)
  A brain worm (Sewer)
  15 bullfrogs
  4 scorpions
  3 wights (D:8)
  Dowan (D:4)
  A hornet simulacrum (D:15)
  11 killer bees
  3 electric eels
  8 howler monkeys
  2 bombardier beetles
  25 orc priests
  2 jellies (Lair:4)
  3 hounds (D:5)
  A gnoll bouda (D:8)
  2 sleepcaps (D:5)
  An iguana (D:5)
  Natasha (D:2)
  Terence (D:3)
  18 orc wizards
  8 mummies (Ossuary)
  6 adders
  12 gnolls
  2 dart slugs (D:4)
  86 orcs
  5 ball pythons
  10 endoplasms
  3 giant cockroaches
  12 goblins
  5 hobgoblins
  4 jackals (D:3)
  11 quokkas
  11 bats
  2 frilled lizards
  3 gnoll zombies (Ossuary)
  A hobgoblin zombie (Ossuary)
  20 kobolds
  4 orc zombies (Ossuary)
  6 rats
798 creatures vanquished.

Vanquished Creatures (collateral kills)
  Jorgrun (D:13)
  The ghost of jasper the Warrior, an adept DsSh of Uskayaw (Spider:2)
  An emperor scorpion (Spider:4)
  A broodmother (Spider:3)
  2 entropy weavers
  Erolcha (D:12)
  2 hydras (D:13)
  A jorogumo (Spider:4)
  A dancing weapon (Elf:1)
  A boulder beetle (Lair:1)
  4 death yaks (Lair:4)
  2 deep elf knights (Elf:1)
  A pharaoh ant (Spider:1)
  2 skeletal warriors (D:15)
  3 orb spiders (Spider:4)
  2 deep elf archers (Elf:1)
  An orc knight (Orc:2)
  4 deep elf zephyrmancers (Elf:1)
  2 deep elf pyromancers (D:12)
  A cyclops (D:12)
  3 wolf spiders
  An orc sorcerer (Orc:2)
  3 manticores
  3 elephants
  2 meliai
  A cane toad (Lair:5)
  A gargoyle (D:12)
  An unseen horror (D:12)
  2 komodo dragons
  2 trolls
  A polar bear (Lair:5)
  A hornet (Lair:5)
  6 tarantellas
  2 dream sheep (Lair:4)
  4 blink frogs
  3 culicivoras
  4 slime creatures
  6 jumping spiders
  2 spriggans (Lair:5)
  4 yaks
  5 basilisks
  A hog (Elf:1)
  A wyvern (D:11)
  2 redbacks
  A water moccasin (Lair:3)
  6 orc warriors
  A black bear (Lair:5)
  3 boggarts
  10 wolves
  2 centaurs (Lair:2)
  An ogre (Orc:1)
  3 killer bees (D:10)
  An electric eel (Lair:5)
  4 orc priests
  8 orc wizards
  13 orcs
148 creatures vanquished.

Vanquished Creatures (others)
  A redback (Spider:4)
  17 battlemagi
18 creatures vanquished.

Grand Total: 964 creatures vanquished

Notes
Turn   | Place    | Note
-------+----------+-------------------------------------------
     0 | D:1      | retardedninja the Coglin Fighter began the quest for the
                  | Orb.
     0 | D:1      | Reached XP level 1. HP: 18/18 MP: 1/1
   153 | D:1      | Reached XP level 2. HP: 19/24 MP: 2/2
   514 | D:1      | Reached XP level 3. HP: 29/29 MP: 3/3
  1452 | D:2      | Reached XP level 4. HP: 37/37 MP: 4/4
  1528 | D:2      | Noticed Natasha
  1542 | D:2      | Killed Natasha
  1543 | D:2      | Reached skill level 4 in Fighting
  1754 | D:3      | Noticed Terence
  1760 | D:3      | Killed Terence
  1761 | D:3      | Reached XP level 5. HP: 42/42 MP: 5/5
  1811 | D:3      | Found a sparkling altar of Nemelex Xobeh.
  2530 | D:4      | Noticed a phantom
  2533 | D:4      | Killed a phantom
  2543 | D:4      | Noticed Dowan
  2544 | D:4      | Noticed Duvessa
  2558 | D:4      | Killed Duvessa
  2559 | D:4      | Reached skill level 5 in Fighting
  2559 | D:4      | Reached XP level 6. HP: 39/51 MP: 6/6
  2560 | D:4      | Killed Dowan
  2704 | D:4      | Noticed a wyvern
  2713 | D:4      | Killed a wyvern
  2714 | D:4      | Reached skill level 5 in Axes
  2714 | D:4      | Reached XP level 7. HP: 16/56 MP: 7/7
  3089 | D:4      | Noticed Grinder
  3096 | D:4      | Reached skill level 6 in Fighting
  3464 | D:3      | Paralysed by Grinder for 3 turns
  3467 | D:3      | Killed Grinder
  3468 | D:3      | Reached XP level 8. HP: 19/65 MP: 8/8
  4106 | D:5      | Entered Level 5 of the Dungeon
  4323 | D:5      | Reached skill level 7 in Fighting
  4511 | D:5      | Found a glowing drain.
  4522 | Sewer    | Entered a sewer
  4546 | Sewer    | Reached skill level 5 in Armour
  4881 | D:5      | Found Otzir's Assorted Antiques.
  5140 | D:6      | Reached XP level 9. HP: 53/74 MP: 9/9
  5337 | D:6      | Reached skill level 8 in Fighting
  5438 | D:6      | Found a sand-covered staircase.
  5447 | Ossuary  | Entered an ossuary
  6056 | D:6      | Found a staircase to the Ecumenical Temple.
  6164 | Temple   | Entered the Ecumenical Temple
  6177 | Temple   | Became a worshipper of Hepliaklqana the Forgotten
  6343 | D:7      | Identified the +2 leather armour of Repulsion {rN+ Int+3}
  6442 | D:7      | Noticed Menkaure
  6448 | D:7      | Killed Menkaure
  6743 | D:7      | Reached skill level 9 in Fighting
  6804 | D:7      | Found a flagged portal.
  6814 | Bailey   | Entered a bailey
  6829 | Bailey   | Noticed an orc knight
  6841 | Bailey   | Identified the +2 robe "Faoth" {rN+ Int+2 Stlth+ Archmagi}
  7355 | Bailey   | Reached XP level 10. HP: 53/83 MP: 10/10
  7361 | Bailey   | Killed an orc knight
  8191 | D:8      | Reached skill level 10 in Fighting
  8385 | D:8      | Reached * piety under Hepliaklqana
  8667 | D:8      | Reached skill level 10 in Axes
  8998 | D:9      | Found a transporter.
  9076 | D:9      | Found a transporter.
  9085 | D:9      | Noticed a centaur warrior
  9101 | D:9      | Noticed Newt's ghost (novice GrFi)
  9263 | D:9      | Found a staircase to the Orcish Mines.
  9305 | D:9      | Reached XP level 11. HP: 75/82 MP: 11/11
  9556 | D:9      | Upgraded the game from 0.32-a0-711-g016ad743e0 to
                  | 0.32-a0-768-g0f6f1dd4b9
  9566 | D:10     | Entered Level 10 of the Dungeon
  9645 | D:10     | Reached ** piety under Hepliaklqana
  9646 | D:10     | Remembered your ancestor austrian painter as a battlemage
  9793 | D:10     | Reached skill level 11 in Fighting
 10078 | D:10     | Noticed Joseph
 10088 | D:10     | Killed Joseph
 10697 | D:11     | Noticed a manticore
 10703 | D:11     | Killed a manticore
 10775 | D:11     | Reached *** piety under Hepliaklqana
 10791 | D:11     | You fall into a shaft and drop 2 floors!
 10837 | D:13     | Found a gate to the Vaults.
 10838 | D:13     | Noticed a purple ugly thing
 10846 | D:13     | Killed a purple ugly thing
 10922 | D:13     | Reached skill level 12 in Fighting
 11173 | D:13     | Noticed a four-headed hydra
 11176 | D:13     | Killed a seven-headed hydra
 11180 | D:13     | Noticed a deep elf pyromancer
 11185 | D:13     | Killed a deep elf pyromancer
 11725 | D:13     | Noticed Jorgrun
 11727 | D:13     | Noticed a manticore
 11737 | D:13     | Killed Jorgrun
 11738 | D:13     | Reached XP level 12. HP: 24/92 MP: 12/12
 12037 | D:12     | Noticed a boulder beetle
 12049 | D:12     | Killed a boulder beetle
 12579 | D:11     | Reached skill level 13 in Fighting
 12973 | D:11     | Noticed Nergalle
 12983 | D:11     | Killed Nergalle
 12991 | D:11     | Found a staircase to the Lair.
 13232 | D:11     | Reached skill level 15 in Fighting
 13232 | D:11     | Reached XP level 13. HP: 104/104 MP: 13/13
 13244 | Lair:1   | Entered Level 1 of the Lair of Beasts
 13904 | Lair:1   | Reached **** piety under Hepliaklqana
 14606 | Lair:2   | Found an opulent altar of Gozag.
 14770 | Lair:2   | Found a shimmering altar of Xom.
 15056 | Lair:2   | Noticed Sonja
 15068 | Lair:2   | Killed Sonja
 15557 | Lair:2   | Found a staircase to the Shoals.
 15873 | Lair:2   | Reached XP level 14. HP: 111/111 MP: 14/14
 15882 | Lair:2   | Reached skill level 16 in Fighting
 16266 | Lair:2   | Acquired a secondary hydroramjet {rPois Regen+ RegenMP+
                  | rCorr Slay+3}
 16332 | Lair:3   | Found a hole to the Spider Nest.
 16478 | Lair:3   | Reached ***** piety under Hepliaklqana
 17007 | Spider:1 | Entered Level 1 of the Spider Nest
 17209 | Lair:4   | Reached skill level 10 in Armour
 17349 | Lair:4   | Reached skill level 1 in Invocations
 17646 | Lair:4   | Reached skill level 15 in Axes
 17647 | Lair:4   | Reached skill level 17 in Fighting
 18162 | Lair:4   | Found a staircase to the Slime Pits.
 18404 | Lair:5   | Entered Level 5 of the Lair of Beasts
 18428 | Lair:5   | Reached XP level 15. HP: 111/120 MP: 16/16
 20124 | Lair:5   | Identified the staff "Poroid" {rF+ Int+3 Dex+3 Fire}
 20453 | Orc:1    | Entered Level 1 of the Orcish Mines
 20698 | Orc:2    | Entered Level 2 of the Orcish Mines
 20960 | Orc:2    | Found a roughly hewn altar of Beogh.
 20992 | Orc:2    | Found a staircase to the Elven Halls.
 22014 | Orc:2    | Reached skill level 18 in Fighting
 22389 | Orc:2    | Paralysed by an orc sorcerer for 2 turns
 22428 | Orc:2    | Found Habi's Jewellery Shoppe.
 22428 | Orc:2    | Found Nesmy's Assorted Antiques.
 22429 | Orc:2    | Found Buz Byst's Antique Weapon Boutique.
 22429 | Orc:2    | Found Pogesmuv's Magic Scroll Boutique.
 22562 | Orc:2    | Found a roughly hewn altar of Beogh.
 22619 | Orc:2    | Noticed an orc warlord
 22634 | Orc:2    | Killed an orc warlord
 23350 | Orc:1    | Found Jestin's Weapon Shoppe.
 23693 | D:12     | Noticed Erolcha
 23698 | D:12     | Killed Erolcha
 24125 | D:13     | Reached XP level 16. HP: 71/130 MP: 19/19
 24572 | D:14     | Noticed Lodul
 24578 | D:14     | Killed Lodul
 24920 | D:14     | Found a shadowy altar of Dithmenos.
 25207 | D:15     | Entered Level 15 of the Dungeon
 25219 | D:15     | Found a stormy altar of Qazlal.
 25478 | D:15     | Reached ****** piety under Hepliaklqana
 25855 | D:15     | Found a staircase to the Depths.
 26046 | D:15     | Reached skill level 5 in Invocations
 27411 | Elf:1    | Entered Level 1 of the Elven Halls
 27550 | Elf:1    | Reached skill level 19 in Fighting
 28637 | Elf:1    | Reached XP level 17. HP: 131/137 MP: 21/21
 28745 | Elf:1    | Noticed Kirke
 28750 | Elf:1    | Killed Kirke
 29358 | Spider:1 | Noticed Roxanne
 29815 | Spider:1 | Killed Roxanne
 29965 | Spider:2 | Noticed Arachne
 29978 | Spider:2 | Killed Arachne
 30537 | Spider:2 | Reached skill level 20 in Fighting
 30893 | Spider:2 | Found a runed translucent door.
 30893 | Spider:2 | Noticed jasper's ghost (adept DsSh)
 31318 | Spider:2 | Killed jasper's ghost
 32203 | Spider:3 | Found a runed translucent door.
 32205 | Spider:3 | Noticed skrealing's ghost (adept CoBe)
 32758 | Spider:3 | Killed skrealing's ghost
 32939 | Spider:4 | Entered Level 4 of the Spider Nest
 33383 | Spider:4 | Identified a scroll of acquirement
 33389 | Spider:3 | Acquired 1136 gold pieces
 33428 | Spider:4 | Reached XP level 18. HP: 132/147 MP: 19/23
 33438 | Spider:4 | HP: 6/141 [spark wasp (12)]
 33441 | Spider:4 | Mangled by a spark wasp

Illustrated notes

Levels and vault maps discovered:
D:1:      giann_horns, layout_rooms, serial_co_window_serial,
          co_window_corner_a, co_window_paths_b, co_window_corner_a,
          co_window_of_opportunity_a, co_window_of_opportunity_a,
          co_window_broadway_c, co_window_corner_b, co_window_2corner,
          co_window_unsneaky_path_c, co_window_of_opportunity_b,
          co_window_cross_3, co_window_paths_e, glass_columns_a,
          glass_columns_c, glass_columns_a
D:2:      layout_basic, minmay_misc_feat_doors, uniq_natasha
D:3:      layout_basic, nemelex_diamond_rough_becter, minmay_misc_feat_tiny,
          guppyfry_early_lair_pool, uniq_terence
D:4:      layout_basic, uniq_duvessa, uniq_grinder
D:5:      nicolae_cairo_tiling_large_dashed, layout_loops_ring, serial_shops,
          shop, portal_sewer_entry_f
D:6:      layout_rooms, temple_green, enter_ossuary_1
D:7:      layout_loops_ring, enter_bailey_4, uniq_menkaure
D:8:      layout_basic, dreamdust_gnoll_shepherd
D:9:      lemuel_ice_spiral_2, layout_irregular_city, hiddenorc1_lemuel,
          nzn_ghost_randoct, nicolae_twisty_statue_hallways
D:10:     layout_gridville, hangedman_decor_push, uniq_joseph
D:11:     layout_loops_ring, david_lair_generic, uniq_nergalle
D:12:     layout_small_grid, uniq_erolcha
D:13:     layout_rooms, hellmonk_vaults_attempted_burglary, uniq_jorgrun
D:14:     layout_cave_pods, grunt_dithmenos_shadows, uniq_lodul
D:15:     grunt_enter_depths_giant_problem, layout_loops_ring,
          nicolae_qazlal_scattered_showers
Temple:   compressed_dpeg_triangle_lava_temple
Lair:1:   layout_hall_layers
Lair:2:   layout_regular_city, elwin_shoals_entry_stream, basic_altar,
          chequers_serial_rivers_small_3, lemuel_centaur_altar, uniq_sonja
Lair:3:   layout_regular_city, hellmonk_spider_entry_life_and_decay,
          grunt_forest_small_clearings, st_stairs_7, infiniplex_staircase_pool_2
Lair:4:   layout_loops_ring, minmay_slime_entry_pillars, grunt_megastairs_5,
          serial_bayou_shore_a
Lair:5:   minmay_lair_end_enchanted_forest, layout_small_grid,
          chequers_serial_rivers_small_b, disabler_island, grunt_megastairs_1
Spider:1: layout_spider_delve, portal_ice_cave_entry_ice_statue_two,
          uniq_roxanne
Spider:2: layout_spider_delve, gammafunk_ghost_grave,
          nicolae_spider_checkerboard, uniq_arachne
Spider:3: layout_chambers, gammafunk_ghost_grave,
          hangedman_spider_tarantella_strand
Spider:4: grunt_spider_rune_island, drop_trap, nicolae_spider_altar_of_dancing
Orc:1:    layout_caves, serial_shops, nicolae_shop_bloodbath_and_beyond
Orc:2:    st_orc_elflike, layout_caves, hangedman_feature_mirror
Elf:1:    layout_onion_city, kennysheep_underground_church,
          nicolae_elf_stone_circles, nicolae_concentric_dashed_squares_mild,
          hangedman_elf_simple_split, uniq_kirke

Skill      XL: |  1  2  3  4  5  6  7  8  9 10 11 12 13 14 15 16 17 |
---------------+----------------------------------------------------+-----
Armour         | 3 4 5 6 7 8 9 10 11 12 | 12.7
Axes           | 3 4 5 6 7 9 10 12 13 15 16 17 18 | 18.9
Fighting       | 4 5 6 7 9 10 12 15 17 18 19 20 | 20.4
Invocations    | 2 4 6 7 |  7.3
Shields        | |  2.1

Action                     |  1- 3 |  4- 6 |  7- 9 | 10-12 | 13-15 | 16-18 || total
---------------------------+-------+-------+-------+-------+-------+-------++-------
  Melee: War axe           |    60 |    65 |   394 |   347 |   719 |   295 ||  1880
         Morningstar       |    10 |    58 |     8 |       |       |       ||    76
         Broad axe         |       |       |       |       |       |   280 ||   280
 Invoke: Ancestor Identity |       |       |       |     2 |       |       ||     2
         Recall Ancestor   |       |       |       |     2 |     1 |     3 ||     6
         Ancestor Life: Ba |       |       |       |     1 |       |       ||     1
         Idealise          |       |       |       |       |     3 |    13 ||    16
Ability: Invent Gizmo      |       |       |       |       |     1 |       ||     1
  Evoke: Wand              |       |       |       |     1 |     1 |       ||     2
         Condenser vane    |       |       |       |       |     1 |       ||     1
    Use: Potion            |       |     1 |     6 |     7 |    10 |     8 ||    32
         Scroll            |       |       |     8 |    22 |    14 |     6 ||    50
   Stab: Invisible         |       |       |     2 |    11 |     1 |       ||    14
         Distracted        |       |       |       |     3 |     8 |     7 ||    18
 Armour: Scale mail        |    38 |       |       |       |       |       ||    38
         Chain mail        |     9 |    82 |   243 |   323 |    98 |       ||   755
         Plate armour      |       |       |       |       |   451 |   523 ||   974
  Dodge: Dodged            |    15 |    31 |    96 |   100 |   129 |   124 ||   495
  Block: Buckler           |    12 |       |       |       |       |       ||    12

Table legend: (Time is in decaauts)
 A = Elapsed time spent in this place.
 B = Non-inter-level travel time spent in this place.
 C = Inter-level travel time spent in this place.
 D = Time resting spent in this place.
 E = Time spent auto-exploring this place.
 F = Levels seen in this place.
 G = Mean time per level.
                   A        B        C        D        E       F      G
               +--------+--------+--------+--------+--------+-----+--------+
         Total |  33596 |  31720 |   1876 |   8500 |  18339 |  31 | 1083.7 |
       Dungeon |  15654 |  14598 |   1056 |   2343 |  10242 |  15 | 1043.6 |
        Temple |     26 |      2 |     24 |      0 |      0 |   1 |   26.0 |
          Lair |   7425 |   6892 |    533 |   2244 |   3671 |   5 | 1485.0 |
   Spider Nest |   4273 |   4214 |     59 |   1103 |   2486 |   4 | 1068.2 |
  Orcish Mines |   3101 |   2950 |    151 |   1632 |    930 |   2 | 1550.5 |
   Elven Halls |   1627 |   1576 |     51 |    394 |    762 |   1 | 1627.0 |
         Sewer |     94 |     94 |      0 |      0 |     62 |   1 |   94.0 |
       Ossuary |    463 |    463 |      0 |    272 |    115 |   1 |  463.0 |
        Bailey |    928 |    928 |      0 |    511 |     70 |   1 |  928.0 |
               +--------+--------+--------+--------+--------+-----+--------+

Top non-repeatable levels by time:
  Lair:1: 1731 daAuts
Spider:3: 1649 daAuts
   Elf:1: 1627 daAuts
     D:3: 1618 daAuts
   Orc:1: 1605 daAuts
    D:15: 1543 daAuts
  Lair:3: 1533 daAuts
    D:13: 1506 daAuts
   Orc:2: 1495 daAuts
  Lair:5: 1487 daAuts
Spider:2: 1382 daAuts
  Lair:4: 1376 daAuts
  Lair:2: 1296 daAuts
    D:10: 1282 daAuts
    D:11: 1203 daAuts
